 Dungeon Sprint DCSS version 0.23.1 (webtiles) character file.

Game seed: 6127165442526301211

209 wilfster70 the Grappler (level 5, -1/50 HPs)
             Began as a Ghoul Monk on Mar 12, 2019.
             Was a Believer of Okawaru.
             Slain by an eight-headed hydra (6 damage)
             ... in the Dungeon (Sprint IX: "|||||||||||||||||||||||||||||").
             The game lasted 00:02:10 (586 turns).

wilfster70 the Grappler (Ghoul Monk)                 Turns: 586, Time: 00:02:12

Health: -1/50      AC: 14    Str: 16    XL:     5   Next: 87%
Magic:  2/4        EV: 11    Int:  5    God:    Okawaru [**....]
Gold:   0          SH:  0    Dex: 14    Spells: 4/4 levels left

rFire    . . .     SeeInvis .     - Unarmed
rCold    + . .     Gourm    .   (no shield)
rNeg     + + +     Faith    .   p - +0 plate armour
rPois    ∞         Spirit   .   o - +0 helmet
rElec    .         Reflect  .   n - +0 cloak
rCorr    .         Harm     .   (no gloves)
MR       .....     NoTele   +   (no boots)
Stlth    ..........             (no amulet)
HPRegen  0.00/turn              r - +3 ring of dexterity
MPRegen  0.09/turn              q - +2 ring of evasion

@: heroism, rotting
A: rotting body, claws 1, carnivore, cold resistance 1, negative energy
resistance 3, inhibited regeneration, torment resistance, unbreathing
a: Heroism, Renounce Religion


You were in the Dungeon.
You worshipped Okawaru.
Okawaru was pleased with you.
You were not hungry.

You visited 1 branch

Inventory:

Hand Weapons
 b - a +2 rapier of electrocution
Armour
 n - a +0 cloak (worn)
 o - a +0 helmet (worn)
 p - a +0 plate armour (worn)
Jewellery
 q - a +2 ring of evasion (right claw)
 r - a +3 ring of dexterity (left claw)
Wands
 l - a wand of iceblast (10)
Scrolls
 h - 2 scrolls of blinking
 j - 3 scrolls of remove curse
 k - 2 scrolls of amnesia
Potions
 c - 5 potions of curing
 d - 3 potions of heal wounds
 e - a potion of haste
 f - 4 potions of magic
 g - a potion of berserk rage
 i - a potion of invisibility
Comestibles
 a - 2 chunks of flesh
 m - a ration


   Skills:
 + Level 6.2(11.2) Fighting
 + Level 5.0(10.0) Dodging
 - Level 2.1(7.1) Stealth
 * Level 10.7(15.7) Unarmed Combat


You had 4 spell levels left.
You didn't know any spells.
Your spell library was empty.

Dungeon Overview and Level Annotations

Branches:
Dungeon (1/1)

Altars:
Cheibriados
Dithmenos
Elyvilon
Fedhas
Gozag
Hepliaklqana
Kikubaaqudgha
Makhleb
Nemelex Xobeh
Okawaru
Qazlal
Ru
Sif Muna
Trog
Uskayaw
Vehumet
Wu Jian
Xom
Yredelemnul
Zin
The Shining One
Beogh
Jiyva
Lugonu


Innate Abilities, Weirdness & Mutations

Your body is rotting away.
You thrive on raw meat.
You are immune to poison.
You have sharp fingernails.
You are carnivorous and can eat meat at any time.
Your flesh is cold resistant. (rC+)
You are immune to negative energy. (rN+++)
You do not regenerate when monsters are visible.
You are immune to unholy pain and torment.
You can survive without breathing.


Message History

Things that are here:
a +0 giant spiked club; a +0 falchion You open the door.
A hydra, a bullfrog, an ice beast, an orc, a two-headed ogre and a rakshasa come into view.
The two-headed ogre shouts in stereo!
The orc shouts!
The bullfrog gives a loud, deep croak!
The eight-headed hydra roars!
You gain the combat prowess of a mighty hero.
The eight-headed hydra bites you. x2; The eight-headed hydra misses you.
The eight-headed hydra bites you!
The eight-headed hydra closely misses you.
The eight-headed hydra bites you! The eight-headed hydra bites you.
The eight-headed hydra barely misses you.
You barely miss the eight-headed hydra. The eight-headed hydra bites you.
The eight-headed hydra bites you but does no damage.
The eight-headed hydra bites you.
* * * LOW HITPOINT WARNING * * *
The eight-headed hydra bites you!
* * * LOW HITPOINT WARNING * * *
The eight-headed hydra bites you.
You die... ▓▓▓▓▓▓▓▓▓▓▓▓▓▓▓▓▓▓▓▓▓▓▓▓ YO.oFRD@.....).[...)|..' ▓▓▓▓▓▓▓▓▓▓▓▓▓▓▓▓▓▓▓▓▓▓▓▓

You could see an eight-headed hydra, a rakshasa, a two-headed ogre, an ice beast, a bullfrog and an orc.

Vanquished Creatures
  An ogre (D)
  A big kobold (D)
  A worker ant (D)
  An adder (D)
  A shadow imp (D)
  A worm (D)
  An orc (D)
  A bat skeleton (D)
  2 hobgoblins (D)
  2 ball pythons (D)
  A goblin (D)
  A kobold (D)
  A leopard gecko skeleton (D)
  A rat (D)
16 creatures vanquished.

Notes
Turn   | Place    | Note
-------+----------+-------------------------------------------
     0 | D        | wilfster70 the Ghoul Monk began the quest for the Orb.
     0 | D        | Reached XP level 1. HP: 19/19 MP: 0/0
     9 | D        | Reached skill level 4 in Unarmed Combat
    47 | D        | Reached XP level 2. HP: 11/27 MP: 1/1
    52 | D        | Reached skill level 5 in Unarmed Combat
    59 | D        | Reached XP level 3. HP: 9/34 MP: 2/2
   289 | D        | Found a roughly hewn altar of Beogh.
   289 | D        | Found a snail-covered altar of Cheibriados.
   289 | D        | Found a shadowy altar of Dithmenos.
   289 | D        | Found a white marble altar of Elyvilon.
   289 | D        | Found a blossoming altar of Fedhas.
   289 | D        | Found an opulent altar of Gozag.
   290 | D        | Found a hazy altar of Hepliaklqana.
   291 | D        | Found a viscous altar of Jiyva.
   292 | D        | Found an ancient bone altar of Kikubaaqudgha.
   293 | D        | Found a corrupted altar of Lugonu.
   294 | D        | Found a burning altar of Makhleb.
   295 | D        | Found a sparkling altar of Nemelex Xobeh.
   296 | D        | Found an iron altar of Okawaru.
   297 | D        | Found a stormy altar of Qazlal.
   298 | D        | Found a sacrificial altar of Ru.
   299 | D        | Found a deep blue altar of Sif Muna.
   300 | D        | Found a bloodstained altar of Trog.
   301 | D        | Found a hide-covered altar of Uskayaw.
   302 | D        | Found a radiant altar of Vehumet.
   303 | D        | Found an ornate altar of the Wu Jian Council.
   304 | D        | Became a worshipper of Warmaster Okawaru
   304 | D        | Reached * piety under Okawaru
   304 | D        | Reached ** piety under Okawaru
   305 | D        | Found a shimmering altar of Xom.
   306 | D        | Found a basalt altar of Yredelemnul.
   307 | D        | Found a glowing silver altar of Zin.
   308 | D        | Found a glowing golden altar of the Shining One.
   361 | D        | Noticed an ogre
   361 | D        | Noticed a big kobold
   362 | D        | Reached skill level 6 in Unarmed Combat
   388 | D        | Killed a big kobold
   388 | D        | Reached skill level 5 in Fighting
   388 | D        | Reached skill level 8 in Unarmed Combat
   388 | D        | Reached XP level 4. HP: 23/42 MP: 3/3
   400 | D        | Killed an ogre
   400 | D        | Reached skill level 10 in Unarmed Combat
   400 | D        | Reached XP level 5. HP: 17/50 MP: 1/4
   402 | D        | Reached skill level 5 in Dodging
   584 | D        | Noticed an ice beast
   584 | D        | Noticed a two-headed ogre
   584 | D        | Noticed a rakshasa
   584 | D        | Noticed an eight-headed hydra
   586 | D        | Slain by an eight-headed hydra

Skill      XL: |  1  2  3  4  5 |
---------------+----------------+-----
Dodging        | 3 4 5 |  5.0
Unarmed Combat | 4 5 8 10 | 10.7
Fighting       | 4 5 6 |  6.2
Stealth        | |  2.1

Action                   |  1- 3 |  4- 6 || total
-------------------------+-------+-------++-------
Melee: Unarmed           |    59 |    13 ||    72
Invok: Heroism           |       |     2 ||     2
  Eat: Chunk             |     1 |     1 ||     2
Armor: Robe              |     1 |       ||     1
       Plate armour      |     9 |     5 ||    14
Dodge: Dodged            |    26 |    10 ||    36
